 Dungeon Crawl Stone Soup version 0.19.4 (console) character file.

487 Kloppie the Skirmisher (level 6, -6/60 HPs)
             Began as a Minotaur Gladiator on Feb 5, 2017.
             Mangled by Prince Ribbit (7 damage)
             ... on level 5 of the Dungeon.
             The game lasted 00:03:47 (2899 turns).

Kloppie the Skirmisher (Minotaur Gladiator)         Turns: 2899, Time: 00:03:47

Health: -6/60      AC:  6    Str: 19    XL:     6   Next: 89%
Magic:  5/5        EV: 13    Int:  5    God:
Gold:   294        SH:  0    Dex: 13    Spells: 0 memorised, 5 levels left

rFire  x . .     SeeInvis .     a - +1 war axe
rCold  + . .     Gourm    .     b - +0 leather armour
rNeg   . . .     Faith    .     (no shield)
rPois  .         Spirit   .     c - +1 hat
rElec  .         Reflect  .     h - +1 cloak
rCorr  .         Harm     .     (no gloves)
MR     .....                    (no boots)
Stlth  ++........               (no amulet)
                                B - ring of ice
                                t - ring of stealth

@: no status effects
A: retaliatory headbutt, horns 2, iridescent scales 1, deformed body, wild magic
1
a: no special abilities


You were on level 5 of the Dungeon.
You were not hungry.

You visited 1 branch of the dungeon, and saw 5 of its levels.

You collected 294 gold pieces.

Inventory:

Hand Weapons
 a - a +1 war axe (weapon)
Missiles
 d - 2 throwing nets (quivered)
Armour
 b - a +0 leather armour (worn)
 c - a +1 hat (worn)
 h - a +1 cloak (worn)
Jewellery
 j - an uncursed amulet of rage
 t - a ring of stealth (left hand)
 u - an uncursed amulet of faith
 B - a ring of ice (right hand)
Wands
 m - a wand of paralysis (11/24)
 y - a wand of digging (2/24)
Scrolls
 i - a scroll of enchant weapon
 l - 9 scrolls of remove curse
 q - 3 scrolls of identify
 s - 4 scrolls of teleportation
Potions
 p - a potion of cancellation
 r - a potion of beneficial mutation {unknown}
 z - 2 potions of lignification {unknown}
 A - a potion of heal wounds {unknown}
Comestibles
 f - 4 bread rations
 g - 2 slices of pizza
 v - 2 meat rations
 w - a beef jerky


   Skills:
 * Level 7.5 Fighting
 + Level 6.1 Axes
 - Level 2.0 Throwing
 - Level 3.2 Dodging


You had 5 spell levels left.
You didn't know any spells.

Dungeon Overview and Level Annotations

Branches:
Dungeon (5/15)
 Temple: D:4-7

Altars:
Elyvilon
Ru

Annotations:
D:5 Prince Ribbit


Innate Abilities, Weirdness & Mutations

You reflexively headbutt those who attack you in melee.
You have a pair of horns on your head.
You are partially covered in iridescent scales. (AC +2)
Armour fits poorly on your strangely shaped body.
Your spells are a little harder to cast, but a little more powerful.


Message History

It was a potion of haste.
You feel yourself speed up. The orc closely misses you.
The orc barely misses you.
The orc priest hits you from afar with a trident.
* * * LOW HITPOINT WARNING * * *
You are very lightly contaminated with residual magic.
It was a potion of mutation.
You feel extremely strange.
You feel less in control of your magic.
Your body twists and deforms.
Iridescent scales grow over part of your body.
It was a potion of curing.
You feel better. Prince Ribbit hits you!
* * * LOW HITPOINT WARNING * * *
The orc priest hits you from afar with a trident.
* * * LOW HITPOINT WARNING * * *
The orc barely misses you. x2
It was a potion of cancellation.
Your magical effects are unravelling.
You feel magically purged.
Your magical contamination has completely faded away.
You feel yourself slow down. Prince Ribbit hits you!
You die...

.. #. .#.# .. .......
.....#. #.. ..... ###
... ..o ..# ....
#..##o### #.# .....
#..o@F#####.##.....
.....###..............
................#.....
. .#####......<.......
#..............
#..............
#..............
#..........####
...........##


You could see Prince Ribbit, an orc priest and 2 orcs.

Vanquished Creatures
  A phantom (D:4)
  A centaur skeleton (D:4)
  A hound (D:4)
  Crazy Yiuf (D:3)
  2 orc priests
  An iguana (D:4)
  Terence (D:3)
  A bullfrog skeleton (D:4)
  2 worker ants (D:4)
  2 adders (D:3)
  An ooze (D:4)
  2 worms
  4 dart slugs
  3 leopard geckos
  18 orcs
  A ball python (D:1)
  A bat (D:3)
  5 giant cockroaches
  5 hobgoblins
  2 jackals (D:1)
  7 kobolds
  3 quokkas
  4 frilled lizards
  5 goblins
  A quokka skeleton (D:4)
  7 rats
82 creatures vanquished.

Notes
Turn   | Place    | Note
-------+----------+-------------------------------------------
     0 | D:1      | Kloppie the Minotaur Gladiator began the quest for the Orb.
     0 | D:1      | Reached XP level 1. HP: 18/18 MP: 0/0
   264 | D:1      | Reached skill level 3 in Fighting
   326 | D:1      | Reached XP level 2. HP: 26/26 MP: 1/1
   702 | D:2      | Found a faded altar of an unknown god.
   819 | D:2      | Reached XP level 3. HP: 33/33 MP: 2/2
   913 | D:2      | Found a faded altar of an unknown god.
   913 | D:2      | Found a faded altar of an unknown god.
   919 | D:2      | Found a faded altar of an unknown god.
   923 | D:2      | Found a white marble altar of Elyvilon.
   925 | D:2      | Found a faded altar of an unknown god.
  1136 | D:2      | Reached skill level 4 in Fighting
  1357 | D:3      | Reached XP level 4. HP: 32/41 MP: 3/3
  1454 | D:3      | Reached skill level 5 in Fighting
  1550 | D:3      | Found a runed door.
  1680 | D:3      | Noticed Terence
  1693 | D:3      | Killed Terence
  1693 | D:3      | Reached XP level 5. HP: 32/48 MP: 4/4
  1893 | D:3      | Found a sacrificial altar of Ru.
  1942 | D:3      | Reached skill level 5 in Axes
  2179 | D:3      | Noticed Crazy Yiuf
  2185 | D:3      | Killed Crazy Yiuf
  2277 | D:4      | Noticed a phantom
  2303 | D:4      | Killed a phantom
  2303 | D:4      | Reached skill level 6 in Fighting
  2303 | D:4      | Reached XP level 6. HP: 40/58 MP: 5/5
  2419 | D:4      | Reached skill level 7 in Fighting
  2879 | D:5      | Entered Level 5 of the Dungeon
  2879 | D:5      | Noticed Prince Ribbit
  2897 | D:5      | Gained mutation: Your spells are a little harder to cast, but a little more powerful. [potion of mutation]
  2897 | D:5      | Gained mutation: Armour fits poorly on your strangely shaped body. [potion of mutation]
  2897 | D:5      | Gained mutation: You are partially covered in iridescent scales. (AC +2) [potion of mutation]
  2898 | D:5      | HP: 3/60 [Prince Ribbit (8)]
  2898 | D:5      | HP: 1/60 [orc priest/trident (2)]
  2899 | D:5      | Mangled by Prince Ribbit

Skill      XL: |  1  2  3  4  5  6 |
---------------+-------------------+-----
Fighting       | 3 4 5 6 7 |  7.5
Axes           | 4 5 6 |  6.1
Throwing       | |  2.0
Dodging        | |  3.2

Action                   |  1- 3 |  4- 6 || total
-------------------------+-------+-------++-------
Melee: War axe           |    67 |   108 ||   175
       Headbutt          |     7 |    21 ||    28
Throw: Throwing net      |       |     1 ||     1
  Use: Scroll            |       |     9 ||     9
       Potion            |       |     4 ||     4
 Stab: Sleeping          |     1 |     6 ||     7
  Eat: Chunk             |     1 |     5 ||     6
Armor: Leather armour    |    14 |    15 ||    29
Dodge: Dodged            |    43 |    66 ||   109
